| TOP OF THE 1ST |
|
Acapulco Locos batting - Pitching for Merida Olas : LHP Sid Fernandez
|
|
Pitching: LHP Sid Fernandez
|
|
|
Batting: RHB Dave Wilder
|
0-0: Ball 1-0: Called Strike 1-1: Ground out 5-3 (Groundball, 5, EV 89.4 MPH)
|
|
Batting: RHB Enrique Collado
|
0-0: Ball 1-0: Ground out 6-3 (Groundball, 56, EV 110.6 MPH)
|
|
Batting: RHB Jim Maler
|
0-0: Ball 1-0: Called Strike 1-1: Ball 2-1: Called Strike 2-2: Ball 3-2: Strikes out swinging
|
| Top of the 1st over - 0 runs, 0 hits, 0 errors, 0 left on base; Acapulco 0 - Merida 0 |
| BOTTOM OF THE 1ST |
|
Merida Olas batting - Pitching for Acapulco Locos : RHP Chuck Crim
|
|
Pitching: RHP Chuck Crim
|
|
|
Batting: LHB La Schelle Tarver
|
0-0: Fly out, F8 (Flyball, 78S, EV 91.9 MPH)
|
|
Batting: LHB Gary Jones
|
0-0: Ball 1-0: Swinging Strike 1-1: Ball 2-1: Ball 3-1: Base on Balls
|
|
Batting: LHB Ronald Little
|
0-0: Called Strike 0-1: Ball 1-1: Fly out, F9 (Line Drive, 9, EV 100.6 MPH)
|
|
Batting: LHB Curt Ford
|
0-0: Ball 1-0: SINGLE (Flyball, 6MD, EV 95.0 MPH) Gary Jones to second Gary Jones to third
|
|
Batting: LHB Mike L Hart
|
0-0: Foul Ball, location: 2F 0-1: Foul Ball, location: 2F 0-2: Strikes out looking
|
| Bottom of the 1st over - 0 runs, 1 hit, 0 errors, 2 left on base; Acapulco 0 - Merida 0 |
| TOP OF THE 2ND |
|
Acapulco Locos batting - Pitching for Merida Olas : LHP Sid Fernandez
|
|
Batting: RHB Gary Skow
|
0-0: Ball 1-0: Foul Ball, location: 2F 1-1: Ball 2-1: Foul Ball, location: 2F 2-2: Strikes out swinging
|
|
Batting: RHB Jorge Martinez
|
0-0: Called Strike 0-1: Swinging Strike 0-2: Strikes out swinging
|
|
Batting: RHB Daniel Purpura
|
0-0: Ball 1-0: Ball 2-0: Called Strike 2-1: Ball 3-1: Base on Balls
|
|
Batting: LHB Wilson Tucker
|
0-0: Called Strike 0-1: Ball 1-1: Ball 2-1: Ball 3-1: Foul Ball, location: 2F 3-2: Base on Balls Daniel Purpura to second
|
|
Batting: RHB Jackie Gutierrez
|
0-0: Ball 1-0: Called Strike 1-1: Foul Ball, location: 2F 1-2: Ball 2-2: Ball 3-2: Strikes out swinging
|
| Top of the 2nd over - 0 runs, 0 hits, 0 errors, 2 left on base; Acapulco 0 - Merida 0 |
| BOTTOM OF THE 2ND |
|
Merida Olas batting - Pitching for Acapulco Locos : RHP Chuck Crim
|
|
Batting: RHB Bob Bathe
|
0-0: Called Strike 0-1: Foul Ball, location: 2F 0-2: Strikes out swinging
|
|
Batting: RHB Tim Hulett
|
0-0: Ground out 1-3 (Groundball, 13S, EV 75.6 MPH)
|
|
Batting: LHB Ty Van Burkleo
|
0-0: Foul Ball, location: 2F 0-1: Ball 1-1: Swinging Strike 1-2: Foul Ball, location: 2F 1-2: Foul Ball, location: 2F 1-2: Fly out, F7 (Line Drive, 7, EV 107.5 MPH)
|
| Bottom of the 2nd over - 0 runs, 0 hits, 0 errors, 0 left on base; Acapulco 0 - Merida 0 |
| TOP OF THE 3RD |
|
Acapulco Locos batting - Pitching for Merida Olas : LHP Sid Fernandez
|
|
Batting: SHB Paul Gbur
|
0-0: Ball 1-0: Ball 2-0: Ball 3-0: Called Strike 3-1: Base on Balls
|
|
Batting: RHB Dave Wilder
|
0-0: Ball 1-0: Foul Ball, location: 2F 1-1: SINGLE (Line Drive, 34D, EV 98.1 MPH) Paul Gbur to second Runner from 2nd tries for 3rd, SAFE, no throw by RF
|
|
Batting: RHB Enrique Collado
|
0-0: Called Strike 0-1: Ball 1-1: Swinging Strike 1-2: Strikes out looking
|
|
Batting: RHB Jim Maler
|
0-0: Ball 1-0: Ball 2-0: Called Strike 2-1: Grounds into double play, 6-4-3 (Groundball, 6S, EV 88.8 MPH)
|
| Top of the 3rd over - 0 runs, 1 hit, 0 errors, 1 left on base; Acapulco 0 - Merida 0 |
| BOTTOM OF THE 3RD |
|
Merida Olas batting - Pitching for Acapulco Locos : RHP Chuck Crim
|
|
Batting: LHB Joe Szekely
|
0-0: Ground out U3 (Groundball, 34, EV 79.4 MPH)
|
|
Batting: LHB La Schelle Tarver
|
0-0: Called Strike 0-1: Ground out 6-3 (Groundball, 6, EV 86.3 MPH)
|
|
Batting: LHB Gary Jones
|
0-0: Foul Ball, location: 2F 0-1: SINGLE (Groundball, 3S, EV 64.4 MPH) (infield hit)
|
|
Batting: LHB Ronald Little
|
0-0: Ball 1-0: SINGLE (Line Drive, 9S, EV 96.9 MPH) Gary Jones to second Runner from 2nd tries for 3rd, SAFE, no throw by RF
|
|
Batting: LHB Curt Ford
|
0-0: Fly out, F8 (Flyball, 8LS, EV 90.0 MPH)
|
| Bottom of the 3rd over - 0 runs, 2 hits, 0 errors, 2 left on base; Acapulco 0 - Merida 0 |
| TOP OF THE 4TH |
|
Acapulco Locos batting - Pitching for Merida Olas : LHP Sid Fernandez
|
|
Batting: RHB Gary Skow
|
0-0: Ball 1-0: Called Strike 1-1: Ball 2-1: Swinging Strike 2-2: Foul Ball, location: 2F 2-2: Ball 3-2: Base on Balls
|
|
Batting: RHB Jorge Martinez
|
0-0: Foul Ball, location: 2F 0-1: Swinging Strike 0-2: Ball 1-2: Ball 2-2: Ball 3-2: Foul Ball, location: 2F 3-2: Foul Ball, location: 2F 3-2: Foul Ball, location: 2F 3-2: Strikes out swinging Gary Skow is caught stealing 2nd base 2-4 Batter strikes out.
|
|
Batting: RHB Daniel Purpura
|
0-0: Ball 1-0: Ball 2-0: Foul Ball, location: 2F 2-1: Called Strike 2-2: Strikes out swinging
|
| Top of the 4th over - 0 runs, 0 hits, 0 errors, 0 left on base; Acapulco 0 - Merida 0 |
| BOTTOM OF THE 4TH |
|
Merida Olas batting - Pitching for Acapulco Locos : RHP Chuck Crim
|
|
Batting: LHB Mike L Hart
|
0-0: SINGLE (Line Drive, 4MD, EV 101.9 MPH)
|
|
Batting: RHB Bob Bathe
|
0-0: SINGLE (Flyball, 34D, EV 85.6 MPH) Mike L Hart to second
|
|
Batting: RHB Tim Hulett
|
0-0: Called Strike 0-1: Ball 1-1: Ball 2-1: Called Strike 2-2: Foul Ball, location: 2F 2-2: Fly out, F8 (Line Drive, 8LD, EV 96.3 MPH)
|
|
Batting: LHB Ty Van Burkleo
|
0-0: Called Strike Mike L Hart steals 3rd base 0-1: Foul Ball, location: 2F 0-2: Ball 1-2: Fielders Choice at 2nd, 4-6 (Groundball, 4, EV 83.8 MPH) Mike L Hart scores
|
|
Batting: LHB Joe Szekely
|
0-0: Called Strike 0-1: Ball 1-1: Ball 2-1: Swinging Strike 2-2: Ball 3-2: Base on Balls Ty Van Burkleo to second
|
|
Batting: LHB La Schelle Tarver
|
0-0: Ball 1-0: Called Strike 1-1: Ball 2-1: Ball 3-1: Base on Balls Ty Van Burkleo to third Joe Szekely to second
|
|
Batting: LHB Gary Jones
|
0-0: Called Strike 0-1: Ball 1-1: Called Strike 1-2: Ball 2-2: Foul Ball, location: 2F 2-2: Foul Ball, location: 2F 2-2: Strikes out swinging
|
| Bottom of the 4th over - 1 run, 2 hits, 0 errors, 3 left on base; Acapulco 0 - Merida 1 |
| TOP OF THE 5TH |
|
Acapulco Locos batting - Pitching for Merida Olas : LHP Sid Fernandez
|
|
Batting: LHB Wilson Tucker
|
0-0: Ball 1-0: Fly out, F6 (Line Drive, 6, EV 65.0 MPH)
|
|
Batting: RHB Jackie Gutierrez
|
0-0: Called Strike 0-1: Called Strike 0-2: Strikes out swinging
|
|
Batting: SHB Paul Gbur
|
0-0: Foul Ball, location: 2F 0-1: Ball 1-1: Foul Ball, location: 2F 1-2: Strikes out swinging
|
| Top of the 5th over - 0 runs, 0 hits, 0 errors, 0 left on base; Acapulco 0 - Merida 1 |
| BOTTOM OF THE 5TH |
|
Merida Olas batting - Pitching for Acapulco Locos : RHP Chuck Crim
|
|
Batting: LHB Ronald Little
|
0-0: Ball 1-0: Ball 2-0: Called Strike 2-1: Fly out, F7 (Flyball, 7S, EV 71.9 MPH)
|
|
Batting: LHB Curt Ford
|
0-0: Ball 1-0: Foul Ball, location: 2F 1-1: Ball 2-1: Ball 3-1: Base on Balls
|
|
Batting: LHB Mike L Hart
|
0-0: Foul Ball, location: 2F 0-1: Ball Curt Ford is caught stealing 2nd base 2-6 1-1: Ball 2-1: Ground out 6-3 (Groundball, 6S, EV 65.6 MPH)
|
| Bottom of the 5th over - 0 runs, 0 hits, 0 errors, 0 left on base; Acapulco 0 - Merida 1 |
| TOP OF THE 6TH |
|
Acapulco Locos batting - Pitching for Merida Olas : LHP Sid Fernandez
|
|
Batting: RHB Dave Wilder
|
0-0: Called Strike 0-1: Foul Ball, location: 2F 0-2: Ball 1-2: Ball 2-2: Ball 3-2: Ground out 6-3 (Groundball, 6, EV 103.1 MPH)
|
|
Batting: RHB Enrique Collado
|
0-0: Swinging Strike 0-1: Swinging Strike 0-2: Ball 1-2: Strikes out swinging
|
|
Batting: RHB Jim Maler
|
0-0: SOLO HOME RUN (Line Drive, 7LD, EV 96.3 MPH), Distance : 386 ft
|
|
Batting: RHB Gary Skow
|
0-0: Foul Ball, location: 2F 0-1: Ball 1-1: Foul Ball, location: 2F 1-2: Ball 2-2: Strikes out swinging
|
| Top of the 6th over - 1 run, 1 hit, 0 errors, 0 left on base; Acapulco 1 - Merida 1 |
| BOTTOM OF THE 6TH |
|
Merida Olas batting - Pitching for Acapulco Locos : RHP Chuck Crim
|
|
Batting: RHB Bob Bathe
|
0-0: Called Strike 0-1: SOLO HOME RUN (Flyball, 7D, EV 94.4 MPH), Distance : 395 ft
|
|
Batting: RHB Tim Hulett
|
0-0: Foul Ball, location: 2F 0-1: Ball 1-1: Foul Ball, location: 2F 1-2: DOUBLE (Groundball, 5L, EV 103.8 MPH)
|
|
Batting: LHB Ty Van Burkleo
|
0-0: Ground out 6-3 (Groundball, 6S, EV 90.0 MPH)
|
|
Batting: LHB Joe Szekely
|
0-0: Ball 1-0: Ball 2-0: Foul Ball, location: 2F 2-1: Swinging Strike 2-2: Fly out, F8 (Flyball, 8LD, EV 100.0 MPH)
|
|
Batting: LHB La Schelle Tarver
|
0-0: Foul Ball, location: 2F 0-1: Foul Ball, location: 2F 0-2: SINGLE (Groundball, 25, EV 70.0 MPH) (infield hit) Tim Hulett to third
|
|
Batting: LHB Gary Jones
|
0-0: Ball 1-0: Called Strike 1-1: SINGLE (Groundball, 56D, EV 105.6 MPH) Tim Hulett scores La Schelle Tarver to second Runner from 2nd tries for 3rd, SAFE, no throw by LF
|
|
Batting: LHB Ronald Little
|
0-0: Ball 1-0: Ball 2-0: SINGLE (Line Drive, 8RS, EV 100.6 MPH) La Schelle Tarver scores Gary Jones to second Runner from 2nd tries for 3rd, SAFE, no throw by CF
|
|
Batting: LHB Curt Ford
|
0-0: Ball 1-0: Foul Ball, location: 2F 1-1: Ball 2-1: Ground out 5-3 (Groundball, 56S, EV 86.9 MPH)
|
| Bottom of the 6th over - 3 runs, 5 hits, 0 errors, 2 left on base; Acapulco 1 - Merida 4 |
| TOP OF THE 7TH |
|
Acapulco Locos batting - Pitching for Merida Olas : LHP Sid Fernandez
|
|
Batting: RHB Jorge Martinez
|
0-0: Called Strike 0-1: Ball 1-1: Ball 2-1: Swinging Strike 2-2: Strikes out swinging
|
|
Batting: RHB Daniel Purpura
|
0-0: Ball 1-0: Ball 2-0: Ball 3-0: Base on Balls
|
|
Batting: LHB Wilson Tucker
|
0-0: Ball 1-0: Grounds into double play, 5-4-3 (Groundball, 5, EV 104.4 MPH)
|
| Top of the 7th over - 0 runs, 0 hits, 0 errors, 0 left on base; Acapulco 1 - Merida 4 |
| BOTTOM OF THE 7TH |
|
Merida Olas batting - Pitching for Acapulco Locos : RHP Chuck Crim
|
|
Batting: LHB Mike L Hart
|
0-0: Ball 1-0: Ball 2-0: Ball 3-0: Base on Balls
|
|
Batting: RHB Bob Bathe
|
0-0: Ball 1-0: Called Strike 1-1: Ball 2-1: Foul Ball, location: 2F 2-2: Ball 3-2: Fly out, F7 (Flyball, 78S, EV 88.1 MPH)
|
|
Batting: RHB Tim Hulett
|
0-0: Ball 1-0: Ball 2-0: Fly out, F8 (Flyball, 8LD, EV 96.3 MPH)
|
|
Batting: LHB Ty Van Burkleo
|
0-0: Called Strike 0-1: Ball 1-1: Ball 2-1: Ground out 4-3 (Groundball, 34D, EV 85.6 MPH)
|
| Bottom of the 7th over - 0 runs, 0 hits, 0 errors, 1 left on base; Acapulco 1 - Merida 4 |
| TOP OF THE 8TH |
|
Acapulco Locos batting - Pitching for Merida Olas : LHP Sid Fernandez
|
|
Batting: RHB Jackie Gutierrez
|
0-0: Ball 1-0: Foul Ball, location: 2F 1-1: Ball 2-1: Foul Ball, location: 2F 2-2: Foul Ball, location: 2F 2-2: Ball 3-2: Foul Ball, location: 2F 3-2: Fly out, F9 (Line Drive, 9, EV 84.4 MPH)
|
|
Batting: SHB Paul Gbur
|
0-0: Ball 1-0: Foul Ball, location: 2F 1-1: Called Strike 1-2: Ball 2-2: Foul Ball, location: 2F 2-2: Ball 3-2: Strikes out looking
|
|
Batting: RHB Dave Wilder
|
0-0: Ball 1-0: Called Strike 1-1: Ball 2-1: Ball 3-1: Base on Balls
|
|
Batting: RHB Enrique Collado
|
0-0: Ball 1-0: Called Strike 1-1: Ball 2-1: Ground out 1-3 (Groundball, 13S, EV 72.5 MPH)
|
| Top of the 8th over - 0 runs, 0 hits, 0 errors, 1 left on base; Acapulco 1 - Merida 4 |
| BOTTOM OF THE 8TH |
|
Merida Olas batting - Pitching for Acapulco Locos : RHP Chuck Crim
|
|
Batting: LHB Joe Szekely
|
0-0: Bunted foul 0-1: Ball 1-1: Ball 2-1: Called Strike 2-2: Ball 3-2: Strikes out swinging
|
|
Batting: LHB La Schelle Tarver
|
0-0: Called Strike 0-1: Called Strike 0-2: Ground out 6-3 (Groundball, 6, EV 97.5 MPH)
|
|
Batting: LHB Gary Jones
|
0-0: Ball 1-0: Ball 2-0: Ball 3-0: Called Strike 3-1: Base on Balls
|
|
Batting: LHB Ronald Little
|
0-0: Ball 1-0: Ball Gary Jones steals 2nd base 2-0: Called Strike 2-1: Swinging Strike 2-2: Foul Ball, location: 2F 2-2: Foul Ball, location: 2F 2-2: Foul Ball, location: 2F 2-2: Foul Ball, location: 2F 2-2: Ground out 5-3 (Groundball, 5S, EV 90.6 MPH)
|
| Bottom of the 8th over - 0 runs, 0 hits, 0 errors, 1 left on base; Acapulco 1 - Merida 4 |
| TOP OF THE 9TH |
|
Acapulco Locos batting - Pitching for Merida Olas : LHP Sid Fernandez
|
|
Batting: RHB Jim Maler
|
0-0: Ball 1-0: Swinging Strike 1-1: Called Strike 1-2: Strikes out swinging
|
|
Batting: RHB Gary Skow
|
0-0: Called Strike 0-1: Called Strike 0-2: Strikes out swinging
|
|
Batting: RHB Jorge Martinez
|
0-0: Called Strike 0-1: Called Strike 0-2: Ball 1-2: SINGLE (Groundball, 4MD, EV 98.1 MPH)
|
|
Batting: RHB Daniel Purpura
|
0-0: Called Strike 0-1: Fielders Choice at 2nd, 6-4 (Groundball, 6, EV 103.1 MPH)
|
| Top of the 9th over - 0 runs, 1 hit, 0 errors, 1 left on base; Acapulco 1 - Merida 4 |
|